 Dungeon Crawl Stone Soup version 0.27-a0-1302-g7736ffe575 (webtiles) character file.

Game seed: 6891639686359167355

393 Kinoniko the Cleaver (level 6, 0/50 HPs)
             Began as a Minotaur Gladiator on June 18, 2021.
             Slain by Dowan (8 damage)
             ... on level 4 of the Dungeon.
             The game lasted 00:02:26 (3556 turns).

Kinoniko the Cleaver (Minotaur Gladiator)           Turns: 3556, Time: 00:02:27

Health: 0/50       AC:  6    Str: 19    XL:     6   Next: 51%
Magic:  5/5        EV: 10    Int:  6    God:
Gold:   166        SH:  0    Dex: 12    Spells: 5/5 levels left

rFire    . . .     SeeInvis .   o - +0 broad axe
rCold    . . .     Faith    .   (no shield)
rNeg     . . .     Spirit   .   f - +0 scale mail
rPois    .         Reflect  .   c - +0 hat
rElec    .         Harm     .   (no cloak)
rCorr    +         Rampage  .   (no gloves)
Will     .....                  (no boots)
Stlth    ..........             (no amulet)
HPRegen  0.16/turn              n - ring of resist corrosion
MPRegen  0.09/turn              (no ring)

@: brilliant, very slightly contaminated, invisible
A: horns 2, retaliatory headbutt
a: no special abilities


You were on level 4 of the Dungeon.
You visited 1 branch of the dungeon, and saw 4 of its levels.

You collected 206 gold pieces.
You spent 40 gold pieces at shops.

Inventory:

Hand Weapons
 o - a +0 broad axe (weapon)
Missiles
 d - 3 throwing nets (quivered)
Armour
 c - a +0 hat (worn)
 f - a +0 scale mail (worn)
Jewellery
 n - a ring of resist corrosion (left hand)
Scrolls
 b - a scroll of magic mapping {unknown}
 i - a scroll of noise {unknown}
 j - a scroll of holy word {unknown}
 l - a scroll of teleportation {unknown}
Potions
 e - a potion of brilliance
 g - 2 potions of magic {unknown}
 k - a potion of lignification {unknown}
 m - a potion of flight {unknown}


   Skills:
 - Level 2.4 Fighting
 * Level 9.0 Axes
 - Level 2.0 Throwing
 - Level 3.2 Dodging


You had 5 spell levels left.
You didn't know any spells.
Your spell library contained the following spells:

 Spells                   Type           Power      Damage    Failure   Level
 Summon Small Mammal      Summ           0%         N/A       85%         1
 Call Imp                 Summ           0%         N/A       94%         2
 Call Canine Familiar     Summ           0%         N/A       99%         3
 Summon Guardian Golem    Hex/Summ       0%         N/A       99%         3
 Summon Ice Beast         Ice/Summ       0%         N/A       100%        4
 Summon Lightning Spire   Summ/Air       0%         N/A       100%        4


Dungeon Overview and Level Annotations

Branches:
Dungeon (4/15)
 Temple: D:4-7

Altars:
Hepliaklqana
Makhleb
Sif Muna
Xom
Yredelemnul

Shops:
D:4 (

Annotations:
D:4 Dowan


Innate Abilities, Weirdness & Mutations

You have a pair of horns on your head.
You reflexively headbutt those who attack you in melee.


Message History

You barely miss Duvessa. You headbutt Duvessa!
Duvessa is moderately wounded.
Duvessa closely misses you. You furiously retaliate!
You headbutt Duvessa. You barely miss Duvessa.
Duvessa is moderately wounded.
Duvessa barely misses you.
You catch the helpless Duvessa completely off-guard!
You hit Duvessa. Your headbutt misses Duvessa.
Duvessa is moderately wounded.
Duvessa barely misses you.
You hit Duvessa.
Duvessa is heavily wounded.
Duvessa hits you with a +0 short sword of electrocution!
You are electrocuted!
You hit Duvessa but do no damage.
Duvessa is heavily wounded.
Duvessa closely misses you. You furiously retaliate!
You headbutt Duvessa. Duvessa hits you but does no damage.
You are electrocuted!
You slash Duvessa! You headbutt Duvessa.
Duvessa is almost dead.
A puff of flame appears from out of thin air!
The puff of flame hits Duvessa!
Duvessa dies!
Something screams in horror.
Your Axes skill increases to level 9!
Something hits you.
* * * LOW HITPOINT WARNING * * *
Something freezes you.
* * * LOW HITPOINT WARNING * * *
Things that are here:
a +0 short sword of electrocution; a +0 leather armour; the elf corpse of Duvessa You barely miss something.
Your headbutt misses something. Something hits you.
* * * LOW HITPOINT WARNING * * *
Something freezes you.
* * * LOW HITPOINT WARNING * * *
Unknown command.
It was a potion of brilliance.
You feel clever all of a sudden. Something hits you!
You die...

#.# #.##.#..
#.## ##.##.#..
#... .........
..# #....... ...
#....... #.#
#####....... #.#
#.......)... #{#
#.###....... #@#
#.##......<. #.#
#.##.#....## #.#
#.##.#.#.##
#.#####.##.#.#.#
#............#.#
#######.##.###.#
#.##.###.#
#........#
####.#####


There were no monsters in sight!

Vanquished Creatures
  A bullfrog (D:3)
  A water moccasin skeleton (D:4)
  A bullfrog skeleton (D:4)
  An orc wizard (D:3)
  4 adders
  3 adder skeletons (D:2)
  A worm (D:2)
  3 dart slugs
  3 orcs (D:3)
  6 ball pythons
  A bat skeleton (D:2)
  7 endoplasms
  A giant cockroach (D:4)
  6 goblins
  3 hobgoblins
  3 jackals (D:1)
  3 ball python zombies (D:2)
  5 bats
  3 frilled lizards
  8 kobolds
  A quokka zombie (D:2)
  6 rats
71 creatures vanquished.

Vanquished Creatures (others)
  Duvessa (D:4)
  An adder (D:4)
  3 fungi (D:2)
  3 toadstools (D:2)
  2 withered plants (D:2)
10 creatures vanquished.

Grand Total: 81 creatures vanquished

Notes
Turn   | Place    | Note
-------+----------+-------------------------------------------
     0 | D:1      | Kinoniko the Minotaur Gladiator began the quest for the
                  | Orb.
     0 | D:1      | Reached XP level 1. HP: 18/18 MP: 0/0
   103 | D:1      | Reached skill level 4 in Axes
   251 | D:1      | Reached XP level 2. HP: 25/25 MP: 1/1
   561 | D:1      | Reached skill level 5 in Axes
   761 | D:1      | Reached XP level 3. HP: 23/30 MP: 2/2
  1462 | D:2      | Reached XP level 4. HP: 37/37 MP: 3/3
  1467 | D:2      | Reached skill level 6 in Axes
  2139 | D:3      | Found a faded altar of an unknown god.
  2275 | D:3      | Noticed a bullfrog
  2282 | D:3      | Killed a bullfrog
  2283 | D:3      | Reached skill level 7 in Axes
  2283 | D:3      | Reached XP level 5. HP: 34/42 MP: 4/4
  2354 | D:3      | Found a shimmering altar of Xom.
  2355 | D:3      | Found a hazy altar of Hepliaklqana.
  2356 | D:3      | Noticed a spectral ugly thing
  2678 | D:3      | Found a burning altar of Makhleb.
  3068 | D:3      | Found a shimmering blue altar of Sif Muna.
  3071 | D:3      | Found a basalt altar of Yredelemnul.
  3331 | D:4      | Reached skill level 8 in Axes
  3415 | D:4      | Found Haodoywn's Weapon Shoppe.
  3486 | D:4      | Bought a +0 broad axe for 40 gold pieces
  3503 | D:4      | Reached XP level 6. HP: 50/50 MP: 5/5
  3544 | D:4      | Noticed Duvessa
  3544 | D:4      | Noticed Dowan
  3553 | D:4      | Killed Duvessa
  3554 | D:4      | Reached skill level 9 in Axes
  3556 | D:4      | Slain by Dowan

Illustrated notes

Levels and vault maps discovered:
D:1:      dpeg_arrival_shelter, layout_loops_ring
D:2:      layout_basic, serial_undead, serial_undead_c, serial_undead_e,
          serial_undead_a, serial_undead_f, serial_undead_c, serial_undead_f,
          serial_undead_e, serial_undead_f, grunt_decor_junction,
          minmay_misc_feat_hallway, minmay_gold_behind_fungi,
          kennysheep_generic_room_10
D:3:      layout_basic, regret_index_temple_of_mockery,
          nicolae_overflow_crystal_walls,
          chequers_temple_overflow_statue_of_worship,
          hellmonk_ecumenical_altar_heavens_door, minmay_shallow_snake_nest
D:4:      layout_loops_ring, trog_ov_bears_minmay, kennysheep_mini_moat,
          lemuel_temple_firewalk_b, serial_rivers,
          chequers_serial_rivers_large_b, chequers_serial_rivers_small_a,
          chequers_serial_rivers_small_3, chequers_serial_rivers_micro_b,
          chequers_serial_rivers_room_b, chequers_serial_rivers_micro_e,
          serial_shops, shop, uniq_duvessa

Skill      XL: |  1  2  3  4  5  6 |
---------------+-------------------+-----
Axes           | 4 5 7 8 9 |  9.0
Fighting       | |  2.4
Throwing       | |  2.0
Dodging        | |  3.2

Action                   |  1- 3 |  4- 6 || total
-------------------------+-------+-------++-------
Melee: War axe           |    72 |    54 ||   126
       Headbutt          |    10 |    12 ||    22
       Broad axe         |       |     8 ||     8
  Use: Potion            |       |     2 ||     2
 Stab: Invisible         |       |     1 ||     1
Armor: Scale mail        |    44 |    20 ||    64
       Leather armour    |     1 |       ||     1
Dodge: Dodged            |    53 |    38 ||    91

Table legend: (Time is in decaauts)
 A = Elapsed time spent in this place.
 B = Non-inter-level travel time spent in this place.
 C = Inter-level travel time spent in this place.
 D = Time resting spent in this place.
 E = Time spent auto-exploring this place.
 F = Levels seen in this place.
 G = Mean time per level.
                   A        B        C        D        E       F      G
               +--------+--------+--------+--------+--------+-----+--------+
         Total |   3583 |   3495 |     88 |     78 |   3063 |   4 |  895.8 |
       Dungeon |   3583 |   3495 |     88 |     78 |   3063 |   4 |  895.8 |
               +--------+--------+--------+--------+--------+-----+--------+

Top non-repeatable levels by time:
     D:3: 1263 daAuts
     D:1: 1133 daAuts
     D:2: 889 daAuts
     D:4: 297 daAuts
